 Dungeon Crawl Stone Soup version 0.30-a0-1114-gd936c97349 (webtiles) character file.

Game seed: 10827667723598706382

25 FexLirch the Sneak (level 3, 0/28 HPs)
             Began as a Vine Stalker Brigand on Apr 20, 2023.
             Succumbed to an adder's poison
             ... on level 2 of the Dungeon.
             The game lasted 00:01:47 (984 turns).

FexLirch the Sneak (Vine Stalker Brigand)            Turns: 984, Time: 00:01:47

Health: 0/28       AC:  3    Str: 13    XL:     3   Next: 4%
Magic:  0/4        EV: 12    Int: 11    God:
Gold:   68         SH:  0    Dex: 17    Spells: 2/2 levels left

rFire   . . .      SeeInvis .    g - +0 rapier
rCold   . . .      Faith    .    (no shield)
rNeg    . . .      Spirit   +    b - +0 robe
rPois   .          Reflect  .    (no helmet)
rElec   .          Rampage  .    c - +0 cloak
rCorr   .          Rage     3%   (no gloves)
Will    .....                    (no boots) Stlth
                                 (no amulet)
HPRegen 0.24/turn                (no ring)
MPRegen 0.09/turn                (no ring)

@: berserking, lethally poisoned (0 -> -4), very quick
A: fangs 2, magic shield, antimagic bite, no potion heal 2, berserk 1, robust 1,
MP-powered wands
a: no special abilities


You were on level 2 of the Dungeon.
You visited 1 branch of the dungeon, and saw 2 of its levels.

You collected 68 gold pieces.

Inventory:

Hand Weapons
 a - a +2 dagger
 g - a +0 rapier (weapon)
Missiles
 d - 9 poisoned darts (quivered)
 e - 3 curare-tipped darts
 f - 16 stones
Armour
 b - a +0 robe (worn)
 c - a +0 cloak (worn)
Scrolls
 h - a scroll of immolation {unknown}
 i - a scroll of noise {unknown}
 l - a scroll of amnesia {unknown}


   Skills:
 + Level 2.1 Fighting
 - Level 1.7(2.0) Short Blades
 * Level 1.3(1.8) Long Blades
 - Level 1.7 Throwing
 + Level 1.1 Dodging
 + Level 5.1 Stealth


You had 2 spell levels left.
You didn't know any spells.
Your spell library was empty.

Dungeon Overview and Level Annotations

Branches:
Dungeon (2/15)

Altars:
Lugonu

Portals:
Abyss: D:1

Annotations:
D:1 2 runed translucent doors


Innate Abilities, Weirdness & Mutations

You have extremely sharp teeth.
When hurt, damage is shared between your health and your magic reserves.
Your bite disrupts and absorbs the magic of your enemies.
Potions cannot restore your health.
You sometimes lose your temper in combat.
You are robust. (+10% HP)
You expend magic power (3 MP) to strengthen your wands.


Message History

The adder bites you.
You are poisoned.
The adder poisons you! The adder bites you.
It was a potion of mutation.
You feel extremely strange.
You feel a little pissed off.
You feel robust.
You feel your magical essence link to the dungeon's wands.
You feel sick. The adder barely misses you.
It was a potion of berserk rage.
A red film seems to cover your vision as you go berserk!
You feel yourself moving faster!
You feel mighty!
You feel sick. The adder bites you.
* * * LOW HITPOINT WARNING * * *
You are lethally poisoned!
The adder poisons you!
You puncture the adder!
You kill the adder!
* * * LOW HITPOINT WARNING * * *
You feel sick.
You have reached level 3!
Your experience leads to an increase in your attributes!
Increase (S)trength, (I)ntelligence, or (D)exterity?
You feel agile. x2
You puncture the adder! Your bite misses the adder.
The adder is almost dead.
* * * LOW HITPOINT WARNING * * *
You feel sick. The adder misses you.
You barely miss the adder. Your bite misses the adder.
The adder is almost dead.
* * * LOW HITPOINT WARNING * * *
You feel sick. The adder barely misses you.
You barely miss the adder.
The adder is almost dead.
The adder bites you.
* * * LOW HITPOINT WARNING * * *
You are too berserk!
You are too berserk!
Unknown command.
You puncture the adder!
You kill the adder!
You die...

.....# #.#
.....###########>##
.....#............### #
.....#............... . #
.....#............####.#.#
.................#.#.#.#.#
..........................
........##########.#.#.#.#.#
.####...#.......@†w.........
.####...#.########.#.#.#.#.
.†....### #..<........
...##.# ##S#.#.#.#.# ...##.#
......... ...##.#
.##.#.#.#.# ...##.# #
.......... ...##.. #.#.#
#.#.# ...##.. ### .#


You could see a worm.

Vanquished Creatures
  2 adders (D:2)
  A dart slug (D:1)
  2 ball pythons (D:1)
  A hobgoblin (D:2)
  3 jackals (D:2)
  A quokka (D:1)
  2 bats (D:1)
  2 frilled lizards (D:2)
  A kobold (D:2)
15 creatures vanquished.

Notes
Turn   | Place    | Note
-------+----------+-------------------------------------------
     0 | D:1      | FexLirch the Vine Stalker Brigand began the quest for the
                  | Orb.
     0 | D:1      | Reached XP level 1. HP: 11/11 MP: 2/2
    27 | D:1      | Found a large runed translucent door.
    27 | D:1      | Found a large runed translucent door.
    30 | D:1      | Noticed a crimson imp
    63 | D:1      | Found a corrupted altar of Lugonu.
    63 | D:1      | Noticed an iron imp
    63 | D:1      | Noticed an iron imp
    65 | D:1      | Found a one-way gate to the infinite horrors of the Abyss.
    65 | D:1      | Noticed a crimson imp
    66 | D:1      | Noticed a crimson imp
    70 | D:1      | Noticed a crimson imp
   177 | D:1      | Reached skill level 1 in Dodging
   177 | D:1      | Reached XP level 2. HP: 15/15 MP: 3/3
   254 | D:1      | Reached skill level 5 in Stealth
   910 | D:2      | Reached skill level 1 in Long Blades
   978 | D:2      | Gained mutation: You sometimes lose your temper in combat.
                  | [potion of mutation]
   978 | D:2      | Gained mutation: You are robust. (+10% HP) [potion of
                  | mutation]
   978 | D:2      | Gained mutation: You expend magic power (3 MP) to
                  | strengthen your wands. [potion of mutation]
   981 | D:2      | Reached XP level 3. HP: 4/19 MP: 1/4
   983 | D:2      | HP: 1/28 [adder (1)]
   984 | D:2      | Succumbed to an adder's poison

Illustrated notes

Levels and vault maps discovered:
D:1:      erik_arrival_cave_to_civilisation [erik_arrival_cave_to_temple],
          layout_loops_ring
D:2:      layout_basic, basic_altar, shapermc_ecumenical_altar_petra,
          st_stairs_10

Skill      XL: |  1  2 |
---------------+-------+-----
Dodging        | 1 |  1.1
Stealth        | 5 |  5.1
Fighting       | 2 |  2.1
Long Blades    | 1 |  1.3
Short Blades   | |  1.7
Throwing       | |  1.7

Action                     || total
---------------------------++-------
  Melee: Dagger            ||    17
         Bite              ||     5
         Rapier            ||    31
         Punch             ||     1
    Use: Potion            ||     2
   Stab: Sleeping          ||     3
 Armour: Robe              ||    18
  Dodge: Dodged            ||    39

Table legend: (Time is in decaauts)
 A = Elapsed time spent in this place.
 B = Non-inter-level travel time spent in this place.
 C = Inter-level travel time spent in this place.
 D = Time resting spent in this place.
 E = Time spent auto-exploring this place.
 F = Levels seen in this place.
 G = Mean time per level.
                   A        B        C        D        E       F      G
               +--------+--------+--------+--------+--------+-----+--------+
         Total |    983 |    933 |     50 |      0 |    792 |   2 |  491.5 |
       Dungeon |    983 |    933 |     50 |      0 |    792 |   2 |  491.5 |
               +--------+--------+--------+--------+--------+-----+--------+

Top non-repeatable levels by time:
     D:1: 847 daAuts
     D:2: 136 daAuts
